 Dungeon Crawl Stone Soup version 0.31-a0-408-gb642c7f9a3 (webtiles) character file.

Game seed: 11864249369273815412

325 Gelion the Changeling (level 6, -1/41 HPs)
             Began as an Octopode Shapeshifter on July 29, 2023.
             Slain by an orc
             ... wielding a +0 war axe
              (4 damage)
             ... on level 4 of the Dungeon.
             The game lasted 00:05:27 (2633 turns).

Gelion the Changeling (Octopode Shapeshifter)       Turns: 2633, Time: 00:05:28

Health: -1/41      AC:  1    Str: 14    XL:     6   Next: 48%
Magic:  6/6        EV: 14    Int: 10    God:
Gold:   192        SH:  0    Dex: 15    Spells: 5/5 levels left

rFire   . . .        c - +0 dagger
rCold   . . .        (no shield)
rNeg    . . .        (helmet currently unavailable)
rPois   .            (no amulet)
rElec   .            d - ring of wizardry
rCorr   .            (no ring)
SInv    .            (no ring)
Will    .....        (no ring)
Stlth   ++           (no ring)
HPRegen 0.26/turn    (no ring)
MPRegen 0.10/turn    (no ring)
                     (no ring)

%: wizardry (x1)
@: beast-form
A: beast (slay +3), almost no armour, amphibious, 8 rings, camouflage 1,
gelatinous body 1, (nimble swimmer 1), tentacles
a: Begin Untransformation


You were on level 4 of the Dungeon.
You were a hulking beast.
You visited 1 branch of the dungeon, and saw 4 of its levels.
You also visited: Sewer.

You collected 192 gold pieces.

Inventory:

Hand Weapons
 c - a +0 dagger (weapon)
Missiles
 f - 2 throwing nets
Jewellery
 d - a ring of wizardry (left tentacle)
Talismans
 b - a beast talisman
Wands
 g - a wand of charming (6)
Scrolls
 i - a scroll of noise {unknown}
 k - a scroll of teleportation {unknown}
 m - a scroll of identify
Potions
 a - a potion of lignification
 e - a potion of resistance
 h - 2 potions of brilliance {unknown}
 j - a potion of heal wounds {unknown}
 l - a potion of curing {unknown}
 n - a potion of haste {unknown}


   Skills:
 + Level 2.8 Fighting
 + Level 3.3 Dodging
 + Level 4.0 Unarmed Combat
 * Level 4.5 Shapeshifting


You had 5 spell levels left.
You didn't know any spells.
Your spell library was empty.

Dungeon Overview and Level Annotations

Branches:
Dungeon (4/15)              Sewer (visited)
 Temple: D:4-7

Altars:
The Shining One

Shops:
D:2 :


Innate Abilities, Weirdness & Mutations

You are a hulking beast.
Your limbs bulge with bestial killing power. (Slay +3)
You cannot wear most types of armour.
You are amphibious.
You can wear up to eight rings at the same time.
Your skin changes colour to match your surroundings (Stealth+).
Your rubbery body absorbs attacks. (AC +1, EV +1)
((You are camouflaged when in or above water. (Stealth+)))
You have tentacles for arms and can constrict up to eight enemies at once.


Message History

You hit the orc priest.
The orc priest is heavily wounded.
You constrict the orc priest.
The orc priest invokes the aid of Beogh against you.
Pain shoots through your body!
* * * LOW HITPOINT WARNING * * *
You hit the orc priest.
You kill the orc priest!
The scorpion barely misses you.
You barely miss the scorpion. Your grab misses the scorpion.
The scorpion barely misses you.
You closely miss the scorpion. You grab the scorpion. You squeeze the scorpion.
The scorpion is moderately wounded.
You constrict the scorpion, but do no damage.
The scorpion barely misses you.
Unknown command.
You hit the scorpion.
The scorpion is heavily wounded.
You constrict the scorpion. The scorpion closely misses you.
You hit the scorpion but do no damage.
You squeeze the scorpion, but do no damage.
The scorpion is heavily wounded.
You constrict the scorpion. The scorpion stings you.
* * * LOW HITPOINT WARNING * * *
You hit the scorpion but do no damage. You squeeze the scorpion.
The scorpion is severely wounded.
You constrict the scorpion. The scorpion misses you.
The scorpion closely misses you.
Unknown command.
You hit the scorpion but do no damage. You squeeze the scorpion.
You kill the scorpion!
Your Unarmed Combat skill increases to level 4!
You hit the orc but do no damage. Your grab misses the orc.
The orc hits you with a +0 war axe.
* * * LOW HITPOINT WARNING * * *
You hit the orc but do no damage. Your grab misses the orc.
You squeeze the orc.
The orc is moderately wounded.
The orc hits you with a +0 war axe.
You die...

#. #.# . #.. .. #..
<.. ## #(# .... .#
#.# ....# .#
#.######.....# .#
#.....hoo#
.##########.########
............#
########.##...P♣ .#
#.###PP..# .# #.#
....# .# #<# .♣..♣
♣# #.♣ .~~..# P# #..
~~ ♣..


You could see 2 orcs.

Vanquished Creatures
  A scorpion (D:4)
  An orc priest (D:4)
  A hell rat (Sewer)
  An orc wizard (D:4)
  4 gnolls (D:4)
  4 adders
  An ufetubus (D:4)
  A worm (D:2)
  5 dart slugs
  9 orcs
  8 ball pythons
  8 bats
  8 endoplasms
  3 giant cockroaches
  9 hobgoblins
  4 quokkas
  4 goblins
  2 kobolds
  12 rats
86 creatures vanquished.

Notes
Turn   | Place    | Note
-------+----------+-------------------------------------------
     0 | D:1      | Gelion the Octopode Shapeshifter began the quest for the
                  | Orb.
     0 | D:1      | Reached XP level 1. HP: 13/13 MP: 1/1
   119 | D:1      | Reached XP level 2. HP: 18/18 MP: 2/2
   367 | D:1      | Reached XP level 3. HP: 23/23 MP: 3/3
   732 | D:2      | Found Jagran's Book Shop.
   949 | D:2      | Found a glowing golden altar of the Shining One.
  1005 | D:2      | Reached XP level 4. HP: 29/29 MP: 4/4
  1849 | D:3      | Found a glowing drain.
  1853 | Sewer    | Entered a sewer
  1911 | Sewer    | Reached XP level 5. HP: 5/34 MP: 5/5
  2260 | D:3      | You fall into a shaft and drop 1 floor!
  2621 | D:4      | Reached XP level 6. HP: 22/41 MP: 6/6
  2633 | D:4      | Slain by an orc

Illustrated notes

Levels and vault maps discovered:
D:1:      minmay_arrival_wavy_path, layout_loops_ring
D:2:      layout_basic, serial_shops, nicolae_shop_advertising_works
          [nicolae_subvault_shop_adworks], basic_altar, serial_curves,
          eino_curves_03, eino_curves_02
D:3:      minmay_chambers_of_threes, layout_loops_ring, gup_sewer_entry_bowl,
          serial_forest, infiniplex_forest_end_1, infiniplex_forest_fountain,
          infiniplex_forest_clump_curved, infiniplex_forest_join,
          infiniplex_forest_straight_4, infiniplex_forest_lined_3_way,
          infiniplex_forest_lined_2, infiniplex_forest_clump_small,
          kennysheep_doodads, uniq_sigmund
D:4:      layout_loops_ring, serial_bayou, serial_bayou_pond_a,
          serial_bayou_lagoon_a, serial_bayou_pond_e, serial_bayou_pond_b,
          fountainhead

Skill      XL: |  1  2  3  4  5  6 |
---------------+-------------------+-----
Fighting       | 2 |  2.8
Shapeshifting  | 4 |  4.5
Dodging        | 3 |  3.3
Unarmed Combat | 4 |  4.0

Action                     |  1- 3 |  4- 6 || total
---------------------------+-------+-------++-------
  Melee: Unarmed           |    10 |       ||    10
         Dagger            |    52 |   117 ||   169
         Constrict         |    19 |    34 ||    53
         Tentacles         |    10 |    28 ||    38
         Punch             |     1 |     7 ||     8
    Use: Scroll            |     4 |     3 ||     7
   Stab: Sleeping          |     8 |     9 ||    17
         Distracted        |       |     1 ||     1
 Armour: Skin              |     2 |     2 ||     4
  Dodge: Dodged            |    31 |    66 ||    97

Table legend: (Time is in decaauts)
 A = Elapsed time spent in this place.
 B = Non-inter-level travel time spent in this place.
 C = Inter-level travel time spent in this place.
 D = Time resting spent in this place.
 E = Time spent auto-exploring this place.
 F = Levels seen in this place.
 G = Mean time per level.
                   A        B        C        D        E       F      G
               +--------+--------+--------+--------+--------+-----+--------+
         Total |   2630 |   2274 |    356 |      0 |   1756 |   5 |  526.0 |
       Dungeon |   2555 |   2199 |    356 |      0 |   1730 |   4 |  638.8 |
         Sewer |     74 |     74 |      0 |      0 |     26 |   1 |   74.0 |
               +--------+--------+--------+--------+--------+-----+--------+

Top non-repeatable levels by time:
     D:3: 747 daAuts
     D:2: 730 daAuts
     D:1: 704 daAuts
     D:4: 372 daAuts
   Sewer: 74 daAuts
